 Dungeon Crawl Stone Soup version 0.24-a0-291-g79c1ce788c (webtiles) character file.

Game seed: 13022095046437979729

12 Jannitor the Skirmisher (level 2, -1/16 HPs)
             Began as a Vine Stalker Fighter on May 9, 2019.
             Slain by an adder (3 damage)
             ... on level 2 of the Dungeon.
             The game lasted 00:00:20 (213 turns).

Jannitor the Skirmisher (Vine Stalker Fighter)       Turns: 213, Time: 00:00:21

Health: -1/16      AC:  6    Str: 23    XL:     2   Next: 33%
Magic:  0/3        EV:  7    Int:  8    God:
Gold:   22         SH:  9    Dex: 13    Spells: 1/1 levels left

rFire    . . .     SeeInvis .   a - +0 war axe
rCold    . . .     Gourm    .   c - +0 shield
rNeg     . . .     Faith    +   b - +0 scale mail
rPois    .         Spirit   +   (no helmet)
rElec    .         Reflect  .   (no cloak)
rCorr    .         Harm     .   (no gloves)
MR       .....                  (no boots)
Stlth    ..........             h - amulet of faith
HPRegen  0.05/turn              (no ring)
MPRegen  0.08/turn              (no ring)

@: mighty, lethally poisoned (-1 -> -6)
A: fangs 2, magic shield, antimagic bite, no potion heal 3, rot immunity
a: no special abilities


You were on level 2 of the Dungeon.
You were not hungry.

You visited 1 branch of the dungeon, and saw 2 of its levels.

You collected 22 gold pieces.

Inventory:

Hand Weapons
 a - a +0 war axe (weapon)
Armour
 b - a +0 scale mail (worn)
 c - a +0 shield (worn)
Jewellery
 h - an amulet of faith (around neck)
Scrolls
 e - 2 scrolls of identify {unknown}
Potions
 g - a potion of brilliance {unknown}
 j - a potion of flight {unknown}
Comestibles
 f - 4 rations
 i - a chunk of flesh


   Skills:
 + Level 2.8 Fighting
 + Level 2.0 Axes
 + Level 2.5 Armour
 + Level 2.8 Shields


You had one spell level left.
You didn't know any spells.
Your spell library was empty.

Dungeon Overview and Level Annotations

Branches:
Dungeon (2/15)

Altars:


Innate Abilities, Weirdness & Mutations

You have extremely sharp teeth.
When hurt, damage is shared between your health and your magic reserves.
Your bite disrupts and absorbs the magic of your enemies.
Potions cannot restore your health.
You are immune to rotting.


Message History

You kill the jackal!
You hit the worm. Your bite misses the worm.
The worm is lightly wounded.
You block the worm's attack.
You miss the adder. You bite the adder, but do no damage.
The adder bites you but does no damage. The adder barely misses you.
You hit the worm.
The worm is moderately wounded.
You closely miss the adder. The adder bites you.
You are poisoned.
The adder poisons you! You block the adder's attack. The worm bites you!
* * * LOW HITPOINT WARNING * * *
You are too injured to fight recklessly!
* * * LOW HITPOINT WARNING * * *
You feel sick. You block the adder's attack.
* * * LOW HITPOINT WARNING * * *
You feel sick.
You feel very mighty all of a sudden. The adder bites you.
You die...

###.##.. ..# #.#... ..
#.# .......... ... #.##
...###..## .#.### #
#..## ###.....## ......
.##...# ##.........
....#
......####.....#.###
... #.#.......###..###
#.## #@..>#....# #.##..
#.†####S.###.#.###....#
##...w.......#.....####
#...................##
##......##.####..##..#
....##..............#.#
########...#........#..
#####........###
#........# #


You could see an adder.

Vanquished Creatures
  A dart slug (D:1)
  A hobgoblin (D:2)
  4 jackals (D:2)
  2 bats (D:2)
  A frilled lizard (D:2)
9 creatures vanquished.

Notes
Turn   | Place    | Note
-------+----------+-------------------------------------------
     0 | D:1      | Jannitor the Vine Stalker Fighter began the quest for the
                  | Orb.
     0 | D:1      | Reached XP level 1. HP: 11/11 MP: 2/2
   116 | D:2      | Reached XP level 2. HP: 11/16 MP: 3/3
   213 | D:2      | Slain by an adder

Levels and vault maps discovered:
D:1:      psy_arrival_spokes, layout_loops_ring, st_stairs_14,
          minmay_curled_crystal, chequers_serial_rivers_micro_a
D:2:      layout_rooms, first_ration, minmay_tree_intersection, st_stairs_8,
          kennysheep_crisscross

Skill      XL: |  1  2 |
---------------+-------+-----
Axes           | 2 |  2.0
Fighting       | |  2.8
Armour         | |  2.5
Shields        | |  2.8

Action                   || total
-------------------------++-------
Melee: War axe           ||    36
       Bite              ||     7
  Use: Potion            ||     1
Armor: Scale mail        ||    20
Dodge: Dodged            ||    15
Block: Shield            ||    28

Table legend:
 A = Non-vault XP
 B = Vault XP
 C = Vault XP percentage of total XP
 D = Non-vault monster count
 E = Vault monster count
 F = Vault count percentage of total count
                 A         B        C        D         E       F
            +---------+---------+-------+---------+---------+-------
      Total |      18 |       0 |   0.0 |       9 |       0 |   0.0
            +---------+---------+-------+---------+---------+-------
        D:1 |       4 |       0 |   0.0 |       1 |       0 |   0.0
        D:2 |      14 |       0 |   0.0 |       8 |       0 |   0.0
            +---------+---------+-------+---------+---------+-------
